Map: Oxide LE

Players

ViBE - Winner!

  • Race: Terran Terran
  • League: Diamond

orion

  • Race: Protoss Protoss
  • League: Diamond

VOD

Have the link to the VOD?

Description

Time

  • Played on: April 7, 2021, 10:12 p.m.
  • Length: 15:48
Show
View Real Time Build Order
Export as new Build Order

ViBE Terran - Winner!

Build Orders:  

Get SALT Encoding   

  12  0:00  SCV  
  13  0:12  SCV  
  14  0:17  Supply Depot  
  14  0:25  SCV  
  15  0:39  SCV  
  16  0:46  Barracks  
  16  0:50  Refinery  
  16  0:51  SCV  
  17  1:04  SCV  
  18  1:16  SCV  
  19  1:28  SCV  
  20  1:33  Marine  
  21  1:40  Orbital Command  
  21  1:51  Marine  
  21  1:53  Command Center  
  22  2:06  SCV  
  23  2:10  Supply Depot  
  23  2:22  Factory  
  23  2:25  Barracks Reactor  
  23  2:32  SCV  
  23  2:44  SCV  
  24  2:56  SCV  
  25  3:00  Refinery  
  25  3:04  Marine x2  
  25  3:05  Orbital Command  
  27  3:08  SCV  
  27  3:09  Barracks, Factory Tech Lab  
  28  3:20  SCV  
  28  3:24  Marine x2  
  31  3:31  SCV  
  31  3:32  SCV  
  33  3:35  Siege Tank  
  36  3:42  Marine x2  
  36  3:43  SCV  
  36  3:44  Supply Depot, SCV  
  40  3:55  SCV  
  40  3:57  SCV  
  42  4:03  Marine x2  
  42  4:05  Starport  
  42  4:06  Barracks Tech Lab  
  42  4:08  SCV  
  42  4:09  SCV  
  46  4:11  Supply Depot  
  46  4:17  Siege Tank  
  49  4:20  SCV  
  49  4:21  SCV  
  51  4:27  Marine x3  
  51  4:28  Stimpack  
  54  4:32  SCV  
  54  4:33  SCV  
  54  4:35  Supply Depot  
  56  4:44  SCV, Starport Reactor  
  56  4:45  SCV  
  58  4:46  Marine x3  
  61  4:56  SCV  
  61  4:57  SCV  
  61  4:59  Supply Depot  
  63  5:05  Command Center  
  63  5:08  SCV, Marine x3  
  63  5:09  SCV  
  68  5:18  Supply Depot  
  68  5:21  SCV x2  
  69  5:26  Medivac x2  
  74  5:28  Supply Depot  
  74  5:33  SCV x2  
  74  5:34  Refinery  
  74  5:35  Refinery  
  76  5:36  Supply Depot  
  76  5:38  Supply Depot x2  
  76  5:41  Marine  
  76  5:42  Marine x2  
  79  5:45  SCV x2  
  81  5:57  SCV  
  81  5:58  SCV  
  83  6:09  SCV  
  83  6:10  SCV  
  83  6:11  Marine x3  
  85  6:12  Medivac x2  
  85  6:18  Barracks x2  
  92  6:19  Barracks  
  92  6:21  SCV  
  92  6:22  Barracks, SCV  
  92  6:24  Orbital Command  
  94  6:29  Marine  
  95  6:33  SCV  
  95  6:34  SCV  
  97  6:41  Engineering Bay  
  97  6:42  Engineering Bay  
  97  6:45  SCV  
  97  6:46  SCV  
  99  6:53  Marine x3  
  92  7:07  Barracks Reactor  
  92  7:08  Barracks Reactor x3  
  88  7:10  Marine  
  88  7:11  Terran Infantry Weapons Level 1, Terran Infantry Armor Level 1, Marine, SCV  
  88  7:12  SCV  
  88  7:17  Orbital Command  
  86  7:23  Armory, Marine  
  86  7:24  SCV x2  
  86  7:26  Medivac  
  86  7:27  Medivac  
  86  7:28  Marine  
  86  7:29  Marine  
  95  7:32  Supply Depot  
  95  7:34  Supply Depot  
  95  7:36  SCV  
  95  7:37  SCV  
  97  7:40  Marine  
  98  7:45  SCV  
  98  7:48  SCV  
  98  7:49  SCV  
  101  7:54  Marine x5  
  101  7:55  Marine  
  101  7:57  Combat Shield  
  107  8:01  Command Center  
  107  8:02  Marine x4  
  107  8:03  Marine  
  107  8:05  Medivac x2  
  116  8:10  Thor  
  116  8:12  Terran Vehicle Weapons Level 1  
  122  8:17  Supply Depot  
  122  8:18  Supply Depot, SCV x3  
  125  8:22  Refinery x2  
  125  8:27  Marine x10  
  125  8:28  Marine  
  125  8:30  SCV x3  
  139  8:36  Medivac x2  
  143  8:42  SCV x3  
  143  8:44  Supply Depot x2  
  143  8:45  Supply Depot  
  146  8:54  SCV x2, Marine x9  
  146  8:55  Marine x2  
  158  8:56  Thor  
  165  9:06  SCV x3  
  168  9:12  Marine x9  
  168  9:13  Marine  
  171  9:18  SCV x3  
  171  9:22  Marine  
  173  9:27  Planetary Fortress  
  173  9:30  SCV, Marine x5  
  178  9:37  SCV  
  178  9:38  SCV  
  180  9:42  SCV  
  180  9:43  Terran Infantry Weapons Level 2  
  180  9:44  Terran Infantry Armor Level 2  
  181  9:50  SCV x2, Command Center  
  183  9:54  SCV  
  184  10:02  SCV  
  184  10:05  Marine x9  
  196  10:09  Thor  
  200  10:14  Terran Vehicle Weapons Level 2  
  200  10:36  Barracks x2  
  200  10:37  Barracks  
  200  10:38  Barracks x2  
  200  10:39  Barracks  
  200  10:42  Marine x10  
  195  10:43  Marine  
  195  10:45  Medivac  
  195  10:46  Medivac  
  195  10:49  SCV  
  200  10:51  SCV  
  197  11:00  Starport  
  197  11:01  Command Center, Factory  
  197  11:09  Planetary Fortress  
  197  11:15  Barracks  
  197  11:16  Barracks x2  
  197  11:19  Barracks  
  191  11:33  Concussive Shells  
  191  11:38  Barracks Tech Lab x3  
  191  11:39  Barracks Tech Lab  
  178  11:40  Barracks Reactor x2  
  178  11:43  Starport Reactor  
  178  11:44  Factory Tech Lab  
  169  11:55  Marine x11  
  169  11:57  Thor  
  169  11:58  Medivac x2  
  169  12:00  Marauder x4  
  198  12:09  Missile Turret  
  198  12:11  Missile Turret  
  198  12:12  Marine  
  198  12:14  Missile Turret  
  199  12:16  Missile Turret  
  199  12:20  Missile Turret, Planetary Fortress  
  197  12:39  Barracks Reactor  
  197  12:40  Barracks Reactor x4  
  197  12:47  Marine  
  197  12:48  Marine x14  
  197  12:54  Barracks  
  197  12:56  Barracks  
  184  13:07  SCV x5  
  184  13:08  SCV  
  184  13:09  Marine x10  
  199  13:19  SCV x3  
  199  13:20  SCV  
  194  13:29  Marine  
  194  13:30  Marine x2  
  191  13:39  SCV x3  
  191  13:40  SCV x2  
  186  13:49  Command Center  
  186  13:51  SCV  
  186  13:52  SCV x4  
  191  14:05  Command Center  
  155  14:17  Marine x22  
  155  14:18  Marine x6  
  155  14:19  Thor x2  
  155  14:20  Medivac x3  
  186  14:34  Marine  
  186  14:35  Marine x4  
  167  14:45  Marine x7  
  156  14:46  Marine x2, Barracks Reactor  
  156  14:47  Marine, Barracks Tech Lab  
  156  14:48  Marine x11  
  156  14:49  Medivac  
  156  14:52  Marine x3  
  178  14:53  Marine x2  
  182  15:03  Missile Turret, Marine x9  
  182  15:05  Marine x4  
  182  15:06  Marine x5  
  200  15:10  Marine  
  200  15:12  Command Center  
  198  15:44  Missile Turret  
Show
View Real Time Build Order
Export as new Build Order

orion Protoss 

Build Orders: Cannon Rush, Carriers 

Get SALT Encoding   

  12  0:00  Probe (Chrono Boost)  
  13  0:11  Probe (Chrono Boost)  
  14  0:20  Probe  
  15  0:27  Pylon  
  15  0:56  Forge  
  15  0:58  Pylon, Probe  
  16  1:15  Probe  
  17  1:28  Probe  
  17  1:31  Photon Cannon  
  18  1:33  Photon Cannon  
  18  1:36  Pylon  
  18  1:40  Probe  
  18  1:43  Photon Cannon  
  19  1:50  Photon Cannon  
  18  1:56  Probe  
  19  2:05  Photon Cannon  
  19  2:09  Probe  
  19  2:11  Nexus  
  19  2:15  Pylon  
  20  2:22  Assimilator  
  20  2:36  Gateway  
  20  2:43  Photon Cannon  
  20  2:45  Probe (Chrono Boost)  
  21  2:55  Probe (Chrono Boost)  
  22  2:58  Photon Cannon  
  22  3:00  Probe (Chrono Boost)  
  23  3:08  Assimilator  
  23  3:12  Probe  
  24  3:16  Photon Cannon  
  24  3:23  Probe (Chrono Boost)  
  26  3:29  Probe (Chrono Boost)  
  26  3:33  Probe (Chrono Boost)  
  27  3:37  Probe (Chrono Boost)  
  27  3:39  Cybernetics Core  
  27  3:40  Probe (Chrono Boost)  
  29  3:44  Probe (Chrono Boost)  
  32  3:55  Probe (Chrono Boost)  
  32  3:56  Probe (Chrono Boost)  
  32  4:00  Pylon  
  32  4:01  Probe (Chrono Boost)  
  33  4:04  Probe  
  34  4:10  Probe  
  35  4:20  Stargate  
  35  4:21  Stargate  
  35  4:25  Pylon, Probe (Chrono Boost)  
  35  4:30  Shield Battery  
  36  4:34  Pylon  
  36  4:36  Probe (Chrono Boost)  
  36  4:37  Probe (Chrono Boost)  
  38  4:45  Photon Cannon, Probe x2 (Chrono Boost)  
  40  4:48  Photon Cannon  
  40  4:50  Probe (Chrono Boost)  
  41  5:00  Assimilator  
  41  5:07  Fleet Beacon  
  41  5:14  Void Ray (Chrono Boost)  
  41  5:18  Probe  
  42  5:21  Pylon  
  46  5:32  Assimilator, Probe  
  47  5:38  Photon Cannon, Void Ray (Chrono Boost)  
  51  5:44  Nexus  
  51  5:48  Probe  
  52  6:00  Probe  
  53  6:07  Photon Cannon  
  53  6:11  Photon Cannon  
  53  6:13  Pylon  
  53  6:16  Carrier (Chrono Boost)  
  59  6:26  Photon Cannon  
  59  6:27  Pylon  
  59  6:28  Protoss Shields Level 1 (Chrono Boost)  
  59  6:31  Shield Battery  
  59  6:39  Cybernetics Core  
  59  6:50  Photon Cannon  
  65  7:06  Nexus  
  65  7:08  Pylon  
  65  7:11  Carrier (Chrono Boost)  
  65  7:12  Shield Battery  
  65  7:21  Carrier (Chrono Boost)  
  65  7:28  Photon Cannon  
  71  7:30  Shield Battery  
  71  7:33  Shield Battery, Photon Cannon  
  71  7:35  Pylon  
  71  7:52  Photon Cannon  
  71  7:53  Shield Battery  
  71  8:00  Carrier  
  77  8:12  Photon Cannon  
  77  8:18  Probe (Chrono Boost)  
  77  8:19  Protoss Air Weapons Level 1  
  78  8:20  Protoss Air Armor Level 1  
  79  8:28  Probe (Chrono Boost)  
  79  8:31  Photon Cannon  
  79  8:33  Probe (Chrono Boost)  
  79  8:34  Shield Battery  
  79  8:39  Twilight Council  
  80  8:44  Probe  
  87  8:57  Stargate  
  87  8:58  Carrier (Chrono Boost)  
  87  8:59  Probe x2  
  89  9:06  Carrier (Chrono Boost)  
  95  9:11  Probe x2  
  93  9:34  Protoss Shields Level 2  
  93  9:47  Photon Cannon  
  93  9:50  Nexus, Photon Cannon, Probe (Chrono Boost)  
  93  9:51  Pylon  
  93  9:52  Assimilator, Shield Battery  
  94  9:53  Assimilator  
  94  9:59  Probe (Chrono Boost)  
  95  10:00  Carrier (Chrono Boost)  
  95  10:04  Probe (Chrono Boost)  
  102  10:11  Photon Cannon  
  102  10:16  Shield Battery  
  102  10:20  Probe  
  103  10:24  Photon Cannon  
  103  10:25  Shield Battery  
  103  10:27  Photon Cannon  
  103  10:31  Shield Battery  
  103  10:32  Probe  
  103  10:33  Pylon  
  106  11:04  Carrier (Chrono Boost)  
  105  11:14  Shield Battery  
  105  11:15  Shield Battery  
  105  11:47  Carrier (Chrono Boost), Nexus  
  111  12:05  Pylon  
  111  12:15  Pylon  
  110  12:27  Photon Cannon  
  90  12:48  Assimilator  
  90  12:50  Assimilator  
  102  13:12  Gateway  
  102  13:14  Forge  
  75  13:45  Forge  
  75  13:46  Probe (Chrono Boost)  
  76  13:56  Pylon, Photon Cannon  
  76  13:57  Photon Cannon  
  76  13:59  Photon Cannon  
  76  14:00  Pylon  
  76  14:18  Probe (Chrono Boost)  
  76  14:22  Photon Cannon  
Tags
 
Composition
Carriers
Matchup
PvT
Player
ViBE
Add a new tag
Caveats
  • Supply blocks, unpowered buildings, or Contaminate may cause inaccurate times.
  • Supply counts are checked every 10 seconds.